 Dungeon Crawl Stone Soup version 0.30-a0-1053-gbd8d5ba0ad (webtiles) character file.

Game seed: 5738459632445540667

66 bmack86 the Covered (level 3, 0/33 HPs)
             Began as a Minotaur Fighter on Apr 12, 2023.
             Slain by a gnoll
             ... wielding a +0 flail
              (10 damage)
             ... on level 3 of the Dungeon.
             The game lasted 00:03:24 (1237 turns).

bmack86 the Covered (Minotaur Fighter)              Turns: 1237, Time: 00:03:24

Health: 0/33       AC:  7    Str: 22    XL:     3   Next: 96%
Magic:  0/2        EV:  9    Int:  5    God:
Gold:   122        SH:  4    Dex:  9    Spells: 2/2 levels left

rFire   . . .      SeeInvis .    a - +0 war axe
rCold   . . .      Faith    .    c - +0 buckler
rNeg    . . .      Spirit   +    b - +0 scale mail
rPois   .          Reflect  .    (helmet restricted)
rElec   .          Rampage  .    (no cloak)
rCorr   .                        (no gloves)
Will    .....                    (no boots) Stlth
                                 m - amulet of guardian spirit
HPRegen 0.25/turn                (no ring)
MPRegen 0.08/turn                (no ring)

@: no status effects
A: horns 2, retaliatory headbutt
a: no special abilities


You were on level 3 of the Dungeon.
You visited 1 branch of the dungeon, and saw 4 of its levels.

You collected 122 gold pieces.

Inventory:

Hand Weapons
 a - a +0 war axe (weapon)
Missiles
 i - 4 javelins (quivered)
Armour
 b - a +0 scale mail (worn)
 c - a +0 buckler (worn)
Jewellery
 m - an amulet of guardian spirit (around neck)
Scrolls
 f - a scroll of magic mapping {unknown}
 g - a scroll of immolation {unknown}
 j - a scroll of teleportation {unknown}
 p - a scroll of fog {unknown}
Potions
 d - a potion of might
 e - 2 potions of brilliance
 h - a potion of berserk rage
 k - a potion of resistance
 l - 3 potions of lignification
 n - a potion of degeneration {unknown}
 o - 2 potions of heal wounds


   Skills:
 + Level 4.1 Fighting
 * Level 3.6 Axes
 + Level 1.0 Throwing
 + Level 4.1 Armour
 + Level 4.0 Shields


You had 2 spell levels left.
You didn't know any spells.
Your spell library contained the following spells:

 Spells                   Type           Power      Damage    Failure   Level
 Ensorcelled Hibernation  Hex/Ice        0%         N/A       95%         2
 Passwall                 Tmut/Erth      0%         N/A       95%         2
 Inner Flame              Hex/Fire       0%         N/A       99%         3
 Swiftness                Air            0%         N/A       99%         3
 Flame Wave               Conj/Fire      0%         2d4       100%        4
 Sticky Flame             Conj/Fire      0%         2d3       100%        4


Dungeon Overview and Level Annotations

Branches:
Dungeon (4/15)
 Temple: D:4-7

Altars:


Innate Abilities, Weirdness & Mutations

You have a pair of horns on your head.
You reflexively headbutt those who attack you in melee.


Message History

The adder hisses angrily.
You miss the adder. Your headbutt misses the adder.
You block the adder's attack. The adder bites you but does no damage.
You slash the adder!
You kill the adder!
Your Throwing skill increases to level 1!
There is a stone staircase leading down here.
Done exploring.
There is a stone staircase leading down here.
You climb downwards.
There is a stone staircase leading up here.
You see here 4 stones.
You now have 122 gold pieces (gained 12).
A kobold and a gnoll come into view.
The kobold shouts!
You hear a shout!
A goblin comes into view. It is wielding a +0 club.
A gnoll comes into view. It is wielding a +0 whip.
The gnoll moves out of view.
The gnoll shouts!
A gnoll comes into view. It is wielding a +0 flail.
The kobold misses you.
You slash the kobold!
You kill the kobold!
You barely miss the gnoll. The gnoll hits you with a +0 whip.
The gnoll closely misses you.
A rat comes into view.
The gnoll hits you with a +0 whip. The gnoll closely misses you.
You see here a +0 short sword.
You hit the gnoll but do no damage. x2; The gnoll hits you with a +0 whip.
The gnoll closely misses you.
The gnoll hits you from afar with a +0 spear.
The gnoll hits you with a +0 flail.
The gnoll hits you from afar with a +0 spear.
The gnoll hits you with a +0 whip.
You barely miss the gnoll. Your headbutt misses the gnoll. You hit the gnoll.
The gnoll barely misses you. x2; The gnoll hits you but does no damage.
You closely miss the gnoll. Your headbutt misses the gnoll.
The gnoll is lightly wounded.
You hit the gnoll. The gnoll hits you with a +0 flail!
You die...

### . #.. ..###
#.# ..... ...
......#r#
......#g#####.#
...#.gg@.......
.#....#.#####.#
......g.#####.#
..............#
###......#.#..#
#..#..## ...###
#.###.# #....
## #..###..##
#....##.#.#


You could see 3 gnolls, a goblin and a rat.

Vanquished Creatures
  4 adders (D:2)
  A worm (D:2)
  A dart slug (D:2)
  4 bats
  3 endoplasms
  2 giant cockroaches
  2 goblins (D:2)
  A hobgoblin (D:1)
  4 kobolds
  4 ball pythons
  2 frilled lizards
  A rat (D:1)
29 creatures vanquished.

Notes
Turn   | Place    | Note
-------+----------+-------------------------------------------
     0 | D:1      | bmack86 the Minotaur Fighter began the quest for the Orb.
     0 | D:1      | Reached XP level 1. HP: 19/19 MP: 0/0
   244 | D:1      | Reached XP level 2. HP: 26/27 MP: 1/1
   567 | D:2      | Reached XP level 3. HP: 33/33 MP: 2/2
   584 | D:2      | Found a faded altar of an unknown god.
   675 | D:2      | Identified the +0 robe of the Sharp Slorg {rN+++ Str-2
                  | Stlth+}
   757 | D:2      | You fall into a shaft and drop 2 floors!
  1079 | D:2      | Reached skill level 1 in Throwing
  1237 | D:3      | Slain by a gnoll

Illustrated notes

Levels and vault maps discovered:
D:1:      lightli_arrival_windingriver, layout_basic, minmay_tripent
D:2:      layout_loops_ring, dreamdust_ecumenical_altar_grove
D:3:      layout_loops_ring
D:4:      layout_gridville, uniq_crazy_yiuf_cottage

Skill      XL: |  1  2  3 |
---------------+----------+-----
Axes           | 3 |  3.6
Fighting       | 4 |  4.1
Shields        | 4 |  4.0
Armour         | 4 |  4.1
Throwing       | 1 |  1.0

Action                     || total
---------------------------++-------
  Melee: War axe           ||    51
         Headbutt          ||     7
  Throw: Javelin           ||     3
    Use: Scroll            ||     5
 Armour: Scale mail        ||    21
  Dodge: Dodged            ||    30
  Block: Buckler           ||    16

Table legend: (Time is in decaauts)
 A = Elapsed time spent in this place.
 B = Non-inter-level travel time spent in this place.
 C = Inter-level travel time spent in this place.
 D = Time resting spent in this place.
 E = Time spent auto-exploring this place.
 F = Levels seen in this place.
 G = Mean time per level.
                   A        B        C        D        E       F      G
               +--------+--------+--------+--------+--------+-----+--------+
         Total |   1259 |   1202 |     57 |      0 |    816 |   4 |  314.8 |
       Dungeon |   1259 |   1202 |     57 |      0 |    816 |   4 |  314.8 |
               +--------+--------+--------+--------+--------+-----+--------+

Top non-repeatable levels by time:
     D:2: 647 daAuts
     D:1: 510 daAuts
     D:3: 66 daAuts
     D:4: 35 daAuts
